AoeStats
← bjforyankees

Marketplace

503972825Analyzed
1v1 RM · 1mo ago on Sep 3, 2026· 49m 8s· 2 players
Game mode
Random Map
Map size
Tiny (2 player)
Population
200
Speed
Normal
Resources
Standard
Victory
Conquest
Starting age
Dark Age
Ending age
Imperial Age
RankedLock teamsTeams togetherTeam positionsShared explorationLock speedFull tech treeHidden civsTurbo modeCheats
Victory
Defeat
935
+16
🇹🇼 Mapuche · Taiwan
931
-35
bjforyankees
6:22 Loom
17:21 Feudal Age
21:52 Castle Age
21:12 Double-Bit Axe
21:51 Fletching
22:02 Padded Archer Armor
24:22 Bodkin Arrow
24:42 Leather Archer Armor
26:23 Elite Skirmisher
28:55 Horse Collar
39:12 Imperial Age
40:58 Bow Saw
42:22 Ring Archer Armor
[IRM] danielnovaesdesouza
7:21 Loom
12:11 Feudal Age
19:16 Castle Age
17:32 Double-Bit Axe
18:23 Fletching
19:17 Padded Archer Armor
19:17 Crossbowman
22:37 Leather Archer Armor
25:55 Gold Mining
27:02 Bow Saw
26:34 Horse Collar
28:13 Bodkin Arrow
34:14 Imperial Age
31:33 Town Watch
34:46 Arbalester
35:33 Thumb Ring
37:07 Chemistry
38:38 Ring Archer Armor
40:18 Bracer
41:52 Ballistics
46:30 Two-Man Saw
45:33 Heavy Plow
Connection lost

Rejoining the realm…

Still unreachable

The connection could not be restored.

Session expired

The server has moved on; the page needs a fresh start.